 Dungeon Crawl Stone Soup version 0.31-a0-664-g902f515a81 (webtiles) character file.

Game seed: 8385771224656142889

40 GigaChad the Shield-Bearer (level 3, -1/29 HPs)
             Began as a Formicid Fighter on Sept 3, 2023.
             Slain by an orc
             ... wielding a +0 flail
              (4 damage)
             ... on level 2 of the Dungeon.
             The game lasted 00:02:20 (891 turns).

GigaChad the Shield-Bearer (Formicid Fighter)        Turns: 891, Time: 00:02:20

Health: -1/29      AC:  9    Str: 22    XL:     3   Next: 72%
Magic:  3/3        EV:  8    Int:  7    God:
Gold:   58         SH:  5    Dex: 13    Spells: 2/2 levels left

rFire   . . .        a - +0 war axe
rCold   . . .        c - +0 buckler
rNeg    . . .        i - +0 chain mail
rPois   .            (helmet unavailable)
rElec   .            (no cloak)
rCorr   .            (no gloves)
SInv    +            (no boots)
Will    .....        (no amulet) Stlth
                     (no ring)
HPRegen 0.24/turn    (no ring)
MPRegen 0.08/turn

%: no passive effects
@: no status effects
A: permanent stasis, dig shafts and tunnels, antennae 3, four strong arms
a: Dig, Shaft Self


You were on level 2 of the Dungeon.
You visited 1 branch of the dungeon, and saw 2 of its levels.

You collected 58 gold pieces.

Inventory:

Hand Weapons
 a - a +0 war axe (weapon)
Armour
 b - a +0 scale mail
 c - a +0 buckler (worn)
 i - a +0 chain mail (worn)
Talismans
 k - a flux talisman
Scrolls
 e - a scroll of fog {unknown}
 f - a scroll of enchant armour {unknown}
 g - a scroll of teleportation {unknown}
 j - a scroll of fear {unknown}
Potions
 d - 2 potions of might
 h - a potion of curing {unknown}


   Skills:
 * Level 3.5 Fighting
 * Level 2.6 Axes
 * Level 3.8 Armour
 - Level 0.4 Dodging
 * Level 4.3 Shields


You had 2 spell levels left.
You didn't know any spells.
Your spell library was empty.

Dungeon Overview and Level Annotations

Branches:
Dungeon (2/15)

Altars:


Innate Abilities, Weirdness & Mutations

You cannot be hasted, slowed, berserked, paralysed or teleported.
You can dig through walls and to a lower floor.
You have a pair of large antennae on your head. (SInv)
Your four strong arms can wield two-handed weapons with a shield.


Message History

Found 5 gold pieces.
A ball python is nearby!
You closely miss the ball python. You block the ball python's attack.
The ball python grabs you. The ball python constricts you.
A ball python is nearby!
You slash the ball python!
You kill the ball python!
No target in view!
Found a flux talisman.
You now have 58 gold pieces (gained 5).
You see here a flux talisman.
k - a flux talisman An endoplasm comes into view.
The endoplasm quivers.
You barely miss the endoplasm. The endoplasm freezes you.
You are frozen.
You hit the endoplasm.
The endoplasm is moderately wounded.
The endoplasm hits you but does no damage.
You block the endoplasm's attack.
You hit the endoplasm.
The endoplasm is severely wounded.
The endoplasm hits you but does no damage.
You slash the endoplasm!
You kill the endoplasm!
An orc priest comes into view.
It is wielding a +3 short sword of protection.
The orc priest shouts!
You hear a shout!
An orc priest is nearby!
An orc comes into view. It is wielding a +0 flail.
The orc priest mumbles some strange prayers to Beogh against you.
Beogh smites you!
An orc comes into view. It is wielding a +0 short sword.
The orc shouts!
You hit the orc priest but do no damage.
The orc priest mumbles some strange prayers to Beogh against you.
Beogh smites you!
* * * LOW HITPOINT WARNING * * *
The orc hits you with a +0 flail.
You die...

######## ###########
#......# #.......... ###
#.####.# #.#####.... ##.##
#.# #.# #.#####.###
#...#######.####.#
#.##.......
...........##..$@#
#.##.##.###
#....#.########oo#
#.##.##.... ....###.# ##
#..# ####.##.##.###
##.#.#.## #≈ #o.#
#............. #.##.##
##≈##.## #.#####.######
##+#### ##≈≈≈#. #.# #.#
#...####.#≈≈≈≈#. #.# #.#
.....#...#≈≈≈≈######.#####.#
# .......#
#≈~~≈#.~....~~~...~ ##


You could see an orc priest and 2 orcs.

Vanquished Creatures
  A worm (D:2)
  2 dart slugs (D:1)
  8 ball pythons
  2 endoplasms
  2 giant cockroaches
  3 goblins (D:1)
  A hobgoblin (D:1)
  2 quokkas
  3 bats
  3 frilled lizards (D:1)
  2 kobolds (D:1)
  3 rats (D:1)
32 creatures vanquished.

Notes
Turn   | Place    | Note
-------+----------+-------------------------------------------
     0 | D:1      | GigaChad the Formicid Fighter began the quest for the Orb.
     0 | D:1      | Reached XP level 1. HP: 18/18 MP: 1/1
   157 | D:1      | Reached XP level 2. HP: 24/24 MP: 2/2
   272 | D:1      | Reached XP level 3. HP: 29/29 MP: 3/3
   891 | D:2      | Slain by an orc

Illustrated notes

Levels and vault maps discovered:
D:1:      roderic_octagonal_star, layout_basic, serial_park_tiny_1,
          minmay_misc_feat_chi
D:2:      layout_loops_corners, basic_altar, chequers_serial_rivers_large_a,
          uniq_crazy_yiuf_cottage, uniq_terence, uniq_sigmund

Action                     || total
---------------------------++-------
  Melee: War axe           ||    62
 Armour: Scale mail        ||    18
         Chain mail        ||    24
  Dodge: Dodged            ||    20
  Block: Buckler           ||    13

Table legend: (Time is in decaauts)
 A = Elapsed time spent in this place.
 B = Non-inter-level travel time spent in this place.
 C = Inter-level travel time spent in this place.
 D = Time resting spent in this place.
 E = Time spent auto-exploring this place.
 F = Levels seen in this place.
 G = Mean time per level.
                   A        B        C        D        E       F      G
               +--------+--------+--------+--------+--------+-----+--------+
         Total |    919 |    898 |     21 |      0 |    666 |   2 |  459.5 |
       Dungeon |    919 |    898 |     21 |      0 |    666 |   2 |  459.5 |
               +--------+--------+--------+--------+--------+-----+--------+

Top non-repeatable levels by time:
     D:1: 714 daAuts
     D:2: 205 daAuts
